 Dungeon Crawl Stone Soup version 0.20.1-1-g8b1a95d (console) character file.

312 hilaritas the Slinger (level 6, 0/42 HPs)
             Began as a Halfling Hunter on Jan 24, 2018.
             Killed from afar by hilaritas's ghost (11 damage)
             ... with a stone arrow
             ... on level 4 of the Dungeon on Jan 25, 2018.
             The game lasted 00:09:26 (3075 turns).

hilaritas the Slinger (Halfling Hunter)             Turns: 3075, Time: 00:09:28

Health: 0/42       AC:  5    Str: 15    XL:     6   Next: 70%
Magic:  6/6        EV: 11    Int:  9    God:
Gold:   181        SH: 10    Dex: 15    Spells: 5/5 levels left

rFire    . . .     SeeInvis .   a - +2 hunting sling
rCold    . . .     Gourm    .   h - +1 shield
rNeg     . . .     Faith    .   e - +0 ring mail
rPois    .         Spirit   .   (no helmet)
rElec    .         Reflect  .   (no cloak)
rCorr    .         Harm     .   (no gloves)
MR       .....                  (no boots)
Stlth    +.........             (no amulet)
Regen    0.2/turn               (no ring)
MPRegen  0.1/turn               (no ring)

@: no status effects
A: mutation resistance 1
a: no special abilities


You were on level 4 of the Dungeon.
You were not hungry.

You visited 1 branch of the dungeon, and saw 4 of its levels.

You collected 181 gold pieces.

Inventory:

Hand Weapons
 a - a +2 hunting sling (weapon)
 b - a +0 short sword
Missiles
 c - 55 stones
 d - 39 sling bullets (quivered)
Armour
 e - a +0 ring mail (worn)
 h - a +1 shield (worn)
Wands
 g - a wand of polymorph (21/24)
 n - a wand of flame (30/48)
Potions
 k - a potion of curing {unknown}
 l - a potion of degeneration {unknown}
 m - 2 potions of berserk rage {unknown}
 o - a potion of flight {unknown}
 q - a potion of haste {unknown}
Comestibles
 f - 3 bread rations
 i - a meat ration
 j - 5 fruits
 p - a royal jelly


   Skills:
 * Level 3.4 Fighting
 + Level 8.8 Slings
 - Level 2.1 Dodging
 - Level 1.8 Stealth
 * Level 2.3 Shields


You had 5 spell levels left.
You didn't know any spells.

Dungeon Overview and Level Annotations

Branches:
Dungeon (4/15)
 Temple: D:4-7

Altars:
Sif Muna
Zin

Annotations:
D:4 hilaritas's ghost, novice DEEE


Innate Abilities, Weirdness & Mutations

You are small and have problems with some larger weapons.
You are somewhat resistant to further mutation.


Message History

The sling bullet hits hilaritas's ghost.
Hilaritas's ghost is severely damaged.
The bullfrog skeleton hits you. Hilaritas's ghost barely misses you.
Firing (i - inventory. (,) - cycle):
d - 41 sling bullets (quivered)
Press: ? - help, Shift-Dir - straight line, f/p - hilaritas's ghost
Aim: hilaritas's ghost (severely damaged)
You shoot a sling bullet.
The sling bullet hits hilaritas's ghost.
Hilaritas's ghost is severely damaged.
You block the bullfrog skeleton's attack.
Firing (i - inventory. (,) - cycle):
d - 40 sling bullets (quivered)
Press: ? - help, Shift-Dir - straight line, f/p - hilaritas's ghost
Aim: hilaritas's ghost (severely damaged)
You shoot a sling bullet.
The sling bullet hits hilaritas's ghost.
Hilaritas's ghost is almost destroyed.
The bullfrog skeleton hits you.
Hilaritas's ghost gestures at you while chanting.
The stone arrow hits you!
You die...

.. # #.# # .
... . ....# ..
<..#.##.#. ...
......... ...
...#..###.. #..
.......
###..#####..#
#....Z@W(..(#
#....###..#.###
#... #..(..<#
#.. #.##.###
#.. #.....( ..
####.#.# .
#.#(# #.# ( #.#
#.


You could see hilaritas's ghost and a bullfrog skeleton.

Vanquished Creatures
  A hound (D:4)
  3 orc wizards (D:3)
  3 gnolls (D:3)
  7 adders
  An ooze (D:1)
  An adder skeleton (D:4)
  A worm (D:2)
  2 dart slugs (D:2)
  5 leopard geckos
  9 orcs (D:3)
  A ball python (D:1)
  10 bats
  3 giant cockroaches
  9 goblins
  8 hobgoblins
  8 kobolds
  A quokka (D:2)
  7 frilled lizards
  11 rats
91 creatures vanquished.

Notes
Turn   | Place    | Note
-------+----------+-------------------------------------------
     0 | D:1      | hilaritas the Halfling Hunter began the quest for the Orb.
     0 | D:1      | Reached XP level 1. HP: 14/14 MP: 1/1
    92 | D:1      | Reached skill level 6 in Slings
   113 | D:1      | Reached XP level 2. HP: 19/19 MP: 2/2
   467 | D:1      | Reached XP level 3. HP: 24/24 MP: 3/3
   715 | D:2      | Reached skill level 7 in Slings
   715 | D:2      | Reached XP level 4. HP: 23/29 MP: 4/4
   867 | D:2      | Reached skill level 1 in Shields
  1368 | D:3      | Reached XP level 5. HP: 24/35 MP: 5/5
  1698 | D:3      | Found a deep blue altar of Sif Muna.
  1918 | D:3      | Reached skill level 8 in Slings
  1936 | D:3      | Reached XP level 6. HP: 24/42 MP: 6/6
  2462 | D:3      | Found a glowing silver altar of Zin.
  3057 | D:4      | Noticed hilaritas's ghost (novice DEEE)
  3075 | D:4      | Killed from afar by hilaritas's ghost

Skill      XL: |  1  2  3  4  5 |
---------------+----------------+-----
Slings         | 6 7 8 |  8.8
Fighting       | 2 3 |  3.4
Shields        | 1 2 |  2.3
Dodging        | |  2.1
Stealth        | |  1.8

Action                   |  1- 3 |  4- 6 || total
-------------------------+-------+-------++-------
Melee: Short sword       |     2 |     7 ||     9
 Fire: Hunting sling     |    67 |   205 ||   272
  Use: Scroll            |     5 |     2 ||     7
  Eat: Chunk             |       |     6 ||     6
Armor: Ring mail         |     7 |    10 ||    17
Dodge: Dodged            |    13 |    25 ||    38
Block: Shield            |     9 |    42 ||    51
